 Dungeon Crawl Stone Soup version 0.31.0-32-g396128a36d (webtiles) character file.

Game seed: 10621367254030270219

97 mparten the Trooper (level 4, -2/41 HPs)
             Began as a Hill Orc Fighter on Mar 31, 2024.
             Succumbed to Ijyb's poison
             ... on level 4 of the Dungeon.
             The game lasted 00:04:53 (2187 turns).

mparten the Trooper (Hill Orc Fighter)              Turns: 2187, Time: 00:04:54

Health: -2/41      AC:  7    Str: 20    XL:     4   Next: 68%
Magic:  4/4        EV:  9    Int:  8    God:
Gold:   221        SH:  4    Dex: 10    Spells: 3/3 levels left

rFire   . . .        a - +0 war axe
rCold   . . .        c - +0 buckler
rNeg    . . .        b - +0 scale mail
rPois   .            (no helmet)
rElec   .            (no cloak)
rCorr   .            (no gloves)
SInv    .            (no boots)
Will    .....        (no amulet) Stlth
                     (no ring)
HPRegen 0.26/turn    (no ring)
MPRegen 0.09/turn

%: no passive effects
@: lethally poisoned (-2 -> -22)
A: no striking features
a: no special abilities


You were on level 4 of the Dungeon.
You visited 1 branch of the dungeon, and saw 4 of its levels.

You collected 221 gold pieces.

Inventory:

Hand Weapons
 a - a +0 war axe (weapon)
Armour
 b - a +0 scale mail (worn)
 c - a +0 buckler (worn)
Jewellery
 i - a +4 ring of protection
Scrolls
 e - 3 scrolls of identify {unknown}
 f - 2 scrolls of enchant armour {unknown}
 g - a scroll of teleportation {unknown}
 j - 2 scrolls of fog {unknown}
 l - a scroll of silence {unknown}
 o - a scroll of enchant weapon {unknown}
 p - a scroll of torment {unknown}
 q - a scroll of vulnerability {unknown}
 r - a scroll of poison {unknown}
Potions
 d - 3 potions of might
 h - a potion of experience {unknown}
 k - a potion of resistance {unknown}
 m - a potion of enlightenment {unknown}
 n - a potion of invisibility {unknown}


   Skills:
 * Level 4.7 Fighting
 * Level 4.2 Axes
 + Level 3.7 Armour
 + Level 3.8 Shields


You had 3 spell levels left.
You didn't know any spells.
Your spell library contained the following spells:

 Spells                   Type           Power      Damage    Failure   Level
 Kiss of Death            Conj/Necr      0%         2d5       83%         1
 Magic Dart               Conj           0%         1d3       83%         1
 Blink                    Tloc           0%         N/A       92%         2
 Call Imp                 Summ           0%         N/A       92%         2
 Confusing Touch          Hex            0%         N/A       99%         3
 Gell's Gravitas          Tloc           0%         N/A       99%         3
 Teleport Other           Tloc           0%         N/A       99%         3
 Dispel Undead            Necr           0%         3d6       100%        4
 Dispersal                Tloc           0%         N/A       100%        6


Dungeon Overview and Level Annotations

Branches:
Dungeon (4/15)
 Temple: D:4-7

Altars:
Cheibriados
Gozag
Sif Muna

Shops:
D:2 [

Annotations:
D:4 Ijyb


Message History

Ijyb hits you with a +2 dagger of venom.
You are poisoned.
You take 2 damage, and have 39/41 hp.
You hit Ijyb.
Ijyb is lightly wounded.
You feel sick. Ijyb hits you but does no damage.
You take 2 damage, and have 37/41 hp.
You hit Ijyb but do no damage.
Ijyb is lightly wounded.
You feel sick.
Ijyb hits you with a +2 dagger of venom.
You are more poisoned.
Ijyb hits you but does no damage.
You are more poisoned.
You take 6 damage, and have 31/41 hp.
You hit Ijyb but do no damage.
Ijyb is lightly wounded.
You feel very sick.
Ijyb hits you with a +2 dagger of venom.
You are lethally poisoned!
You take 11 damage, and have 20/41 hp.
MASSIVE DAMAGE!!
You are too injured to fight recklessly!
You are too injured to fight recklessly!
You are too injured to fight recklessly!
You hit Ijyb.
Ijyb is moderately wounded.
You feel very sick.
Ijyb hits you with a +2 dagger of venom.
* * * LOW HITPOINT WARNING * * *
You are more poisoned.
You take 9 damage, and have 11/41 hp.
MASSIVE DAMAGE!!
You hit Ijyb but do no damage.
Ijyb is moderately wounded.
* * * LOW HITPOINT WARNING * * *
You feel extremely sick. Ijyb barely misses you.
You take 7 damage, and have 4/41 hp.
You closely miss Ijyb.
Ijyb is moderately wounded.
You die...

### #.#
#<# #.#
#.#
########.#
.......<.#
########.#
#.g@.#
#.#### ..
##


You could see Ijyb.

Vanquished Creatures
  2 adders (D:2)
  A gnoll (D:2)
  3 dart slugs
  5 endoplasms
  A giant cockroach (D:1)
  7 goblins
  2 hobgoblins
  8 jackals (D:1)
  3 quokkas
  11 bats
  12 frilled lizards
  2 kobolds
  4 rats
61 creatures vanquished.

Notes
Turn   | Place    | Note
-------+----------+-------------------------------------------
     0 | D:1      | mparten the Hill Orc Fighter began the quest for the Orb.
     0 | D:1      | Reached XP level 1. HP: 19/19 MP: 1/1
   188 | D:1      | Reached XP level 2. HP: 24/27 MP: 2/2
   403 | D:1      | Reached XP level 3. HP: 27/32 MP: 3/3
   439 | D:1      | Found a faded altar of an unknown god.
  1269 | D:2      | Found Satuubo's Antique Armour Shoppe.
  1429 | D:2      | Reached XP level 4. HP: 41/41 MP: 4/4
  2105 | D:3      | Found an opulent altar of Gozag.
  2108 | D:3      | Found a shimmering blue altar of Sif Muna.
  2119 | D:3      | Found a snail-covered altar of Cheibriados.
  2179 | D:4      | Noticed Ijyb
  2187 | D:4      | Succumbed to Ijyb's poison

Illustrated notes

Levels and vault maps discovered:
D:1:      dreamdust_arrival_sigmund_warning, layout_loops_ring,
          ebering_ecumenical_altar_petrified
D:2:      layout_basic, serial_shops, nicolae_shop_stone, minmay_quadrilaterals
D:3:      layout_rooms, grunt_temple_overflow_diamond, minmay_lizard_king
D:4:      layout_basic, nicolae_wu_jian_glorious_leap,
          minmay_temple_entry_offerings, uniq_ijyb, uniq_sigmund

Skill      XL: |  1  2  3  4 |
---------------+-------------+-----
Axes           | 3 4 |  4.2
Fighting       | 4 |  4.7
Armour         | |  3.7
Shields        | |  3.8

Action                     |  1- 3 |  4- 6 || total
---------------------------+-------+-------++-------
  Melee: War axe           |   130 |    52 ||   182
 Armour: Scale mail        |   101 |    33 ||   134
  Dodge: Dodged            |    79 |    16 ||    95
  Block: Buckler           |    37 |     6 ||    43
